[Event "FIDE World Cup"]
[Site "Tbilisi"]
[Date "2017.09.03"]
[Round "1.1"]
[White "Sambuev, Bator"]
[Black "Wei, Yi"]
[Result "1-0"]
[ECO "E20"]
[WhiteElo "2529"]
[BlackElo "2748"]
[Annotator "Sagar,Shah"]
[PlyCount "47"]
[EventDate "2017.09.03"]
[EventType "k.o."]
[EventRounds "7"]
[EventCountry "GEO"]
[SourceTitle "CBM 181"]
[Source "ChessBase"]
[SourceDate "2017.11.10"]
[SourceVersion "1"]
[SourceVersionDate "2017.11.10"]
[SourceQuality "1"]
[TimeControl "40/5400+30:1800+30"]

1. Nf3 Nf6 2. c4 e6 3. Nc3 d5 4. d4 Bb4 5. g3 $5 {[%emt 0:01:05] An interesting line against the Ragozin, taking the game into Catalan territory.} O-O 6. Bg2 dxc4 7. O-O Nc6 8. a3 Be7 {[%emt 0:05:54] The most critical.} ({I was once preparing this line for White and I remember that if Black took on c3 I would be quite happy with the position.} 8... Bxc3 9. bxc3 Rb8 (9... Na5 10. a4 $44) 10. Bg5 b5 11. e4 h6 12. Bh4 e5 (12... g5 13. Nxg5 $36) 13. Nxe5 Nxe5 14. dxe5 Qxd1 15. Rfxd1 Nd7 16. f4 Re8 17. e6 fxe6 18. e5 Nxe5 19. Bd8 Nd3 20. Bxc7 {1-0 (73) Carlsen,M (2646)-Adams,M (2720) Turin 2006}) 9. e4 {[%emt 0:00:29] This is a typical Catalan pawn sacrifice. White is not interested in recovering his c4 pawn. Instead he just expands in the centre and looks for a kingside attack.} Na5 10. Be3 {[%emt 0:02:49] White doesn't really care about the c4 pawn much. He continues with his development.} Rb8 (10... Ng4 11. Bf4 $13) 11. Qe2 b5 12. Rad1 {[%emt 0:02:20] Solid central play by Sambuev. He gets all his pieces into the game before doing anything concrete.} Bb7 13. Ne5 a6 14. g4 $1 {[%emt 0:02:09][%cal Gg4g5,Gf2f4] This was the move that Sambuev was very proud of. He starts to create some pressure on his opponent with the idea of the pawn storm with g5 followed by f4.} Ne8 $146 (14... Nd7 $5 15. f4 f6 {This was interesting!} 16. Nf3 {with a complex position.} (16. d5 $6 Nxe5 $1 17. fxe5 fxe5 18. dxe6 Bd6 $17)) ({RR} 14... Nd7 15. f4 f6 16. Nf3 Qe8 17. Bh3 Rd8 18. g5 f5 19. d5 Nc5 20. Ne5 Bd6 21. dxe6 Nxe4 22. Nd7 Nxc3 23. bxc3 Qxe6 24. Nxf8 Rxf8 25. Qf2 Nb3 26. Rfe1 Bxa3 27. Bc1 Qc6 28. Bg2 Qxg2+ 29. Qxg2 {Sowray,P (2189)-Badacsonyi,F (2218) England ENG 2025 0-1 (45)}) ({RR} 14... Qc8 15. f4 Nd7 16. g5 c5 17. Nxd7 Qxd7 18. d5 Nb3 19. dxe6 Qxe6 20. f5 Qb6 21. Qg4 Rfd8 22. Ne2 Rxd1 23. Rxd1 Rd8 24. Rf1 Rd3 25. Qf4 Bd6 26. e5 Bxg2 27. Kxg2 Qc6+ 28. Kf2 Bc7 29. Ng1 {Yim,S (2254)-Kambrath,Y (2336) Dallas 2018 0-1 (42)}) 15. d5 exd5 (15... Bd6 16. f4 {was also possible.} exd5 17. exd5 Qe7 (17... Nf6 18. g5 Nd7 19. Nc6 $16 {White has a firm grip on the position.}) 18. Nc6 $13) 16. Nxd5 Nd6 (16... Bd6 {was a move that had to be considered.} 17. f4 Bxd5 18. exd5 Qe7 19. Qd2 Nb3 20. Qc3 {with a complicated position.}) 17. g5 $5 {[%emt 0:08:48] Once again a powerful move. The idea is to continue with f4.} Bxd5 (17... Bxg5 $5 18. Bxg5 Qxg5 19. Nd7 Rbe8 20. Nxf8 Bxd5 $13 21. f4 Qf5 $1 22. exf5 Rxe2 23. Rxd5 Kxf8 24. Rc5 Re7 $44 {[%csl Gf5] Black has good compensation for the sacrificed exchange.}) 18. Rxd5 c6 19. Rdd1 $14 {[%emt 0:01:45] The position has settled down and White is better because Black's pieces are awkwardly placed.} Qc7 ({Taking the pawn with} 19... Bxg5 {doesn't look that good as after} 20. Bc5 Be7 21. Bh3 {[%cal Ge5d7] Threatening d7.} Rb7 22. Bb4 c5 23. Bxc5 $16 {White's piece activity plus bishop pair will give him a good advantage.}) 20. Qh5 g6 $2 {[%emt 0:03:49] It's very rare that Wei Yi makes such huge errors in sharp positions. But if he does, it is usually when he is defending rather than attacking!} (20... Rbd8 $5 21. Ng4 Nb3 22. f4 c3 $13) 21. Qh6 Nxe4 $2 {[%emt 0:01:31] Snatching the pawn is bad as White has an intermediate move.} (21... Rfd8 {was a better option to bring his bishop to f8 for the king's safety but White still holds all the trumps.} 22. Bf4 Bf8 23. Qh3 Bg7 24. Ng4 $18) 22. Nd7 $1 {[%emt 0:01:48] Full credit to Sambuev for finding flaws in his opponent's calculation.} Nd6 23. Bh3 {[%emt 0:00:45] The knight has been stopped from coming to f5. Now f6+ is a big threat.} (23. Nf6+ Bxf6 24. gxf6 Nf5 $17) 23... Rfd8 24. Rd4 $1 {[%emt 0:00:58] The idea is just h4 and there is no good way to stop it. Wei Yi had had enough. Sambuev was very close to eliminating Wei Yi in this event. In the end he wasn't able to but he gave the Chinese phenomenon a very tough fight.} (24. Nf6+ Bxf6 25. gxf6 Ne8 {Black is somehow clinging on.}) 1-0